 Dungeon Crawl Stone Soup version 0.31-a0-506-g3d79149578 (webtiles) character file.

Game seed: 8566018638783058615

3520 GordonOverkill the Slicer (level 10, -3/66 HPs)
             Began as an Octopode Delver on Aug 9, 2023.
             Was a Believer of Vehumet.
             Killed from afar by Amaemon (16 damage)
             ... with an iceblast
             ... on level 8 of the Dungeon.
             The game lasted 00:16:22 (8486 turns).

GordonOverkill the Slicer (Octopode Delver)         Turns: 8486, Time: 00:16:22

Health: -3/66      AC:  1    Str: 13    XL:     10   Next: 8%
Magic:  13/13      EV: 13    Int: 16    God:    Vehumet [**....]
Gold:   327        SH:  5    Dex: 13    Spells: 14/14 levels left

rFire   . . .        t - +4 dagger (elec)
rCold   . . .        k - +0 buckler
rNeg    . . .        (helmet restricted)
rPois   .            (no amulet)
rElec   .            h - ring of wizardry
rCorr   .            r - ring of willpower
SInv    .            (no ring)
Will    +....        (no ring)
Stlth   ++++         (no ring)
HPRegen 0.31/turn    (no ring)
MPRegen 0.13/turn    (no ring)
                     (no ring)

%: wizardry (x1)
@: lethally poisoned (-3 -> -14), about to teleport
A: almost no armour, amphibious, 8 rings, camouflage 1, gelatinous body 1,
(nimble swimmer 1), tentacles
a: Renounce Religion


You were on level 8 of the Dungeon.
You worshipped Vehumet.
Vehumet was pleased with you.
You visited 2 branches of the dungeon, and saw 9 of its levels.

You collected 366 gold pieces.
You spent 39 gold pieces at shops.

Inventory:

Hand Weapons
 t - a +4 dagger of electrocution (weapon)
 B - a +2 short sword of venom
Missiles
 i - 20 poisoned darts
 z - 6 atropa-tipped darts
Armour
 k - a +0 buckler (worn)
Jewellery
 e - an amulet of magic regeneration
 h - a ring of wizardry (left tentacle)
 r - a ring of willpower (right tentacle)
Wands
 f - a wand of digging (3)
 v - a wand of flame (14)
 w - a wand of charming (13)
Scrolls
 b - 2 scrolls of fog
 c - 2 scrolls of revelation
 d - 2 scrolls of fear
 j - 2 scrolls of teleportation
 m - a scroll of brand weapon
 q - a scroll of noise {unknown}
 x - a scroll of poison {unknown}
 y - a scroll of amnesia {unknown}
 C - 2 scrolls of vulnerability {unknown}
 D - a scroll of immolation {unknown}
 E - a scroll of enchant weapon
Potions
 a - 5 potions of curing
 l - a potion of brilliance
 n - 4 potions of mutation
 o - a potion of enlightenment
 p - a potion of haste
 s - 2 potions of might {unknown}
 A - a potion of attraction {unknown}


   Skills:
 - Level 5.0 Fighting
 - Level 10.0 Short Blades
 - Level 2.0 Throwing
 - Level 2.0 Dodging
 - Level 6.6 Stealth
 - Level 7.0 Shields
 + Level 2.5 Spellcasting
 - Level 5.0 Evocations


You had 14 spell levels left.
You didn't know any spells.
Your spell library contained the following spells:

 Spells                   Type           Power      Damage    Failure   Level
 Searing Ray              Conj           4%         2d4       16%         2
 Chain Lightning          Conj/Air       1%         3d1       100%        9
 Fire Storm               Conj/Fire      1%         7d1       100%        9
 Shatter                  Erth           1%         3d5*      100%        9


Dungeon Overview and Level Annotations

Branches:
Dungeon (8/15)             Temple (1/1) D:5
   Lair: D:8-11

Altars:
Ashenzari
Cheibriados
Dithmenos
Elyvilon
Fedhas
Gozag
Hepliaklqana
Kikubaaqudgha
Makhleb
Nemelex Xobeh
Qazlal
Ru
Sif Muna
Uskayaw
Vehumet
Wu Jian
Xom
Yredelemnul
Zin
The Shining One

Shops:
D:1 !   D:2 *   D:3 !   D:5 =   D:6 *

Annotations:
D:7 2 runed translucent doors, Digitaldip's ghost, novice MiBe
D:8 Amaemon


Innate Abilities, Weirdness & Mutations

You cannot wear most types of armour.
You are amphibious.
You can wear up to eight rings at the same time.
Your skin changes colour to match your surroundings (Stealth+).
Your rubbery body absorbs attacks. (AC +1, EV +1)
((You are camouflaged when in or above water. (Stealth+)))
You have tentacles for arms and can constrict up to eight enemies at once.


Message History

The bullfrog croaks.
The bullfrog hits you. x2
Amaemon shouts!
You hit the bullfrog but do no damage. Your grab misses the bullfrog.
Your squeeze misses the bullfrog. You hit the bullfrog.
Lightning courses through the bullfrog!!
You kill the bullfrog!
Vehumet accepts your kill.
Amaemon hits you with a +1 demon whip of venom!
You are poisoned.
You block Amaemon's attack. Amaemon closely misses you.
You see here a bullfrog corpse.
Aiming: Quicksilver Bolt
Press: ? - help, Shift-Dir - straight line, f - Amaemon, p - orange demon
Aim: Amaemon, wielding a +1 demon whip of venom and carrying a wand of iceblast (67% to hit)
The bolt of dispelling energy misses Amaemon.
The now-empty wand crumbles to dust.
You feel very sick.
Amaemon hits you with a +1 demon whip of venom!
* * * LOW HITPOINT WARNING * * *
You are more poisoned.
Amaemon claws you.
* * * LOW HITPOINT WARNING * * *
Amaemon tail-slaps you.
* * * LOW HITPOINT WARNING * * *
As you read the scroll of teleportation, it crumbles to dust.
You feel strangely unstable.
You feel very sick.
Amaemon gestures at the orange demon while chanting.
The orange demon seems to grow toxic.
Amaemon attacks as you move away! Amaemon completely misses you.
Amaemon claws you!
* * * LOW HITPOINT WARNING * * *
Amaemon barely misses you.
* * * LOW HITPOINT WARNING * * *
You feel very sick.
The orange demon looks more healthy.
Amaemon zaps a wand.
The mass of ice explodes!
The iceblast engulfs you!
You die...

.##......##......# ..
.##......##.##...##...#
.##......##.##.4......#
........###.##..###...#
.#####..# #.##..# ...
........# #.##..### .#
.#####..# #...)...# ..#
#######.######6†#.#...#
................@.....#
#######.######..........
# #####.######.###.#####
# #.........).........
###.###.######(###.###
.....##.##.###.###.##
###.###............... #
#.# #.##.###.####### #
#.# ####[# #.#


You could see Amaemon and an orange demon (curare).

Vanquished Creatures
  A rime drake (D:8)
  A wyvern (D:7)
  Edmund (D:4)
  2 water moccasins
  Duvessa (D:4)
  2 orc warriors
  An ice beast (D:6)
  A black bear (D:6)
  2 ogres (D:5)
  2 wolves (D:8)
  A centaur (D:6)
  A phantom (D:5)
  2 kobold brigands
  A bullfrog (D:8)
  A scorpion (D:5)
  3 wights (D:8)
  Dowan (D:4)
  3 killer bees (D:7)
  A howler monkey (D:6)
  4 orc priests
  A gnoll bouda (D:7)
  2 hounds
  2 jellies
  14 orc wizards
  A sleepcap (D:5)
  5 iguanas
  15 gnolls
  9 adders
  4 shadow imps
  2 white imps (D:5)
  An ufetubus (D:7)
  2 worms (D:2)
  A dart slug (D:5)
  20 orcs
  A bat skeleton (D:4)
  4 bat zombies (D:4)
  14 endoplasms
  10 giant cockroaches
  14 goblins
  6 hobgoblins
  7 jackals (D:2)
  4 quokkas
  8 ball pythons
  9 bats
  19 kobolds
  3 rats
210 creatures vanquished.

Notes
Turn   | Place    | Note
-------+----------+-------------------------------------------
     0 | D:5      | GordonOverkill the Octopode Delver began the quest for the
                  | Orb.
     0 | D:5      | Reached XP level 1. HP: 16/16 MP: 1/1
   319 | D:4      | Reached skill level 1 in Throwing
   332 | D:4      | Reached XP level 2. HP: 11/21 MP: 2/2
   619 | D:4      | Found a shimmering blue altar of Sif Muna.
   655 | D:4      | Reached skill level 1 in Spellcasting
   786 | D:2      | Reached XP level 3. HP: 26/26 MP: 4/4
  1162 | D:1      | Found Uguisis's Distillery.
  1165 | D:1      | Bought a potion of curing for 39 gold pieces
  1351 | D:2      | Reached XP level 4. HP: 28/31 MP: 6/6
  1395 | D:2      | Reached skill level 1 in Shields
  1864 | D:2      | Reached XP level 5. HP: 35/36 MP: 8/8
  1872 | D:2      | Reached skill level 3 in Short Blades
  1891 | D:2      | Found Deir's General Store.
  2446 | D:3      | Found Fiuc Soa's Distillery.
  2643 | D:3      | Found a stormy altar of Qazlal.
  2752 | D:4      | Noticed Edmund
  2759 | D:4      | Killed Edmund
  2760 | D:4      | Reached skill level 1 in Evocations
  2760 | D:4      | Reached XP level 6. HP: 22/42 MP: 9/9
  2856 | D:4      | Reached skill level 4 in Short Blades
  3218 | D:4      | Found an ancient bone altar of Kikubaaqudgha.
  3387 | D:4      | Noticed Dowan
  3388 | D:4      | Noticed Duvessa
  3394 | D:4      | Killed Dowan
  3399 | D:4      | Killed Duvessa
  3400 | D:4      | Reached XP level 7. HP: 6/46 MP: 10/10
  4087 | D:5      | Found a sacrificial altar of Ru.
  4111 | D:5      | Reached skill level 5 in Short Blades
  4517 | D:5      | Found a staircase to the Ecumenical Temple.
  4632 | Temple   | Entered the Ecumenical Temple
  4636 | Temple   | Became a worshipper of Vehumet
  4655 | D:5      | Reached XP level 8. HP: 51/52 MP: 11/11
  4855 | D:5      | Reached skill level 5 in Shields
  4920 | D:5      | Found Agri's Jewellery Boutique.
  5052 | D:5      | Reached skill level 6 in Short Blades
  5052 | D:5      | Reached skill level 5 in Evocations
  5617 | D:6      | Reached * piety under Vehumet
  5617 | D:6      | Offered knowledge of Magic Dart by Vehumet.
  5636 | D:6      | Reached skill level 7 in Short Blades
  5636 | D:6      | Reached XP level 9. HP: 56/56 MP: 12/12
  6008 | D:6      | Identified the +0 leather armour of Wu Jian's Whim
                  | {*Corrode Will+ MP+9}
  6026 | D:6      | Found Uxuiceq's Gadget Gallery.
  6339 | D:7      | Found a large runed translucent door.
  6339 | D:7      | Found a large runed translucent door.
  6399 | D:7      | Noticed Digitaldip's ghost (novice MiBe)
  7230 | D:7      | Reached skill level 8 in Short Blades
  7635 | D:8      | Reached skill level 5 in Fighting
  7639 | D:8      | Reached ** piety under Vehumet
  7639 | D:8      | Offered knowledge of Searing Ray by Vehumet.
  7942 | D:8      | Noticed a polar bear
  7942 | D:8      | Noticed a rime drake
  7944 | D:8      | Noticed an orange demon
  7947 | D:8      | Reached skill level 9 in Short Blades
  7947 | D:8      | Killed a rime drake
  7947 | D:8      | Noticed Amaemon
  7948 | D:8      | Reached XP level 10. HP: 23/66 MP: 13/13
  8453 | D:8      | Reached skill level 10 in Short Blades
  8486 | D:8      | Killed from afar by Amaemon

Illustrated notes

Levels and vault maps discovered:
D:1:      dpeg_arrival_tiny_c, layout_rooms, serial_shops,
          nicolae_shop_real_fake_doors
D:2:      layout_loops_ring, serial_shops, shop, minmay_3d_cube
D:3:      layout_basic, nicolae_qazlal_eye_of_the_storm, serial_shops,
          nicolae_shop_advertising_works [nicolae_subvault_shop_adworks]
D:4:      layout_basic, kennysheep_vampire_church, overflow_temple_1_default,
          small_statue_intersection, minmay_checkerbox, uniq_duvessa,
          uniq_edmund
D:5:      layout_basic, mainiacjoe_overflow_alcove_2,
          minmay_temple_entry_sparse_star, serial_shops, shop,
          minmay_misc_feat_pillars
D:6:      layout_cave_pools, nicolae_shop_gadgets
D:7:      layout_basic, ebering_ghost_disaster_area
D:8:      layout_basic, kennysheep_mini_moat, hellmonk_lair_entry_icy,
          uniq_amaemon
Temple:   kb_temple_of_zot

Skill      XL: |  1  2  3  4  5  6  7  8  9 10 |
---------------+-------------------------------+-----
Throwing       | 1 2 |  2.0
Spellcasting   | 1 2 |  2.5
Shields        | 1 3 4 6 7 |  7.0
Short Blades   | 3 4 5 7 9 10 | 10.0
Evocations     | 1 2 4 5 |  5.0
Fighting       | 5 |  5.0
Dodging        | |  2.0
Stealth        | |  6.6

Action                     |  1- 3 |  4- 6 |  7- 9 | 10-12 || total
---------------------------+-------+-------+-------+-------++-------
  Melee: Short sword       |    73 |   108 |       |       ||   181
         Constrict         |    14 |    23 |    42 |     5 ||    84
         Tentacles         |    13 |    23 |    48 |     6 ||    90
         Punch             |       |     2 |     6 |     1 ||     9
         Dagger            |       |     6 |   207 |    24 ||   237
  Throw: Dart              |       |       |     7 |     1 ||     8
  Evoke: Wand              |       |     5 |    15 |     1 ||    21
    Use: Potion            |     1 |       |       |       ||     1
         Scroll            |       |     3 |     5 |     2 ||    10
   Stab: Sleeping          |    12 |    26 |     8 |     1 ||    47
         Distracted        |       |     2 |     1 |       ||     3
 Armour: Skin              |     7 |     7 |     6 |     1 ||    21
  Dodge: Dodged            |    35 |    44 |    70 |    10 ||   159
  Block: Buckler           |     2 |    13 |    42 |     2 ||    59

Table legend: (Time is in decaauts)
 A = Elapsed time spent in this place.
 B = Non-inter-level travel time spent in this place.
 C = Inter-level travel time spent in this place.
 D = Time resting spent in this place.
 E = Time spent auto-exploring this place.
 F = Levels seen in this place.
 G = Mean time per level.
                   A        B        C        D        E       F      G
               +--------+--------+--------+--------+--------+-----+--------+
         Total |   8380 |   8215 |    165 |   2486 |   3897 |   9 |  931.1 |
       Dungeon |   8371 |   8206 |    165 |   2486 |   3897 |   8 | 1046.4 |
        Temple |      8 |      8 |      0 |      0 |      0 |   1 |    8.0 |
               +--------+--------+--------+--------+--------+-----+--------+

Top non-repeatable levels by time:
     D:5: 1699 daAuts
     D:4: 1505 daAuts
     D:7: 1491 daAuts
     D:2: 890 daAuts
     D:6: 867 daAuts
     D:8: 726 daAuts
     D:3: 649 daAuts
     D:1: 542 daAuts
  Temple: 8 daAuts
